MWL (24 & UNDER)
PLUMSTEAD EAGLES @ MINNESOTA DEATH STARS
08/22/2024
 
TOP OF THE 1ST
Plumstead Eagles batting - Pitching for Minnesota Death Stars : RHP Pat Jackson
Pitching: RHP Pat Jackson
Batting: RHB Don Turner 0-0: Bunt missed!
0-1: Ball
1-1: Called Strike
1-2: Ground out 4-3 (Groundball, 4)
Batting: RHB Ethan Moore 0-0: Ball
1-0: Ball
2-0: Ball
3-0: Base on Balls
Batting: RHB J.J. Leslie 0-0: Ball
1-0: Called Strike
1-1: Ball
2-1: Swinging Strike
2-2: Strikes out swinging
Batting: RHB Juan Caceres 0-0: Ball
1-0: Fly out, F8 (Flyball, 8RXD)
Top of the 1st over - 0 run(s), 0 hit(s), 0 error(s), 1 left on base; Plumstead 0 - Minnesota 0
BOTTOM OF THE 1ST
Minnesota Death Stars batting - Pitching for Plumstead Eagles : RHP Coy Torres
Pitching: RHP Coy Torres
Batting: RHB José Pérez 0-0: Ball
1-0: Ground out 5-3 (Groundball, 56S)
Batting: RHB Peter Dixon 0-0: Called Strike
0-1: Bunt for hit - play at first, batter safe!
Batting: LHB Chris Loudermilk 0-0: Ball
1-0: Ball
2-0: Called Strike
2-1: Called Strike
2-2: Strikes out swinging
Batting: RHB Herb Ashley 0-0: Fly out, F8 (Flyball, 8RS)
Bottom of the 1st over - 0 run(s), 1 hit(s), 0 error(s), 1 left on base; Plumstead 0 - Minnesota 0
TOP OF THE 2ND
Plumstead Eagles batting - Pitching for Minnesota Death Stars : RHP Pat Jackson
Batting: RHB Donald Sanford 0-0: Called Strike
0-1: SINGLE (Line Drive, 6D)
Batting: RHB José Moreno 0-0: Fly out, F7 (Flyball, 8LM)
Batting: RHB Richard Case 0-0: Ball
1-0: Ball
2-0: Called Strike
2-1: SINGLE (Line Drive, 9S)
Donald Sanford to second
Batting: RHB Louis Smith 0-0: Ball
1-0: Ball
2-0: Ball
3-0: Base on Balls
Donald Sanford to third
Richard Case to second
Batting: RHB Víctor Rivera 0-0: Called Strike
0-1: Foul Ball, location: 2F
0-2: Ball
1-2: Strikes out looking
Batting: RHB Don Turner 0-0: Fly out, F6 (Popup, 78S)
Top of the 2nd over - 0 run(s), 2 hit(s), 0 error(s), 3 left on base; Plumstead 0 - Minnesota 0
BOTTOM OF THE 2ND
Minnesota Death Stars batting - Pitching for Plumstead Eagles : RHP Coy Torres
Batting: RHB Jorge Martínez 0-0: Ball
1-0: Ball
2-0: Swinging Strike
2-1: Ball
3-1: Ground out 5-3 (Groundball, 56)
Batting: LHB Sixto Cortés 0-0: Ball
1-0: Ball
2-0: Called Strike
2-1: Ball
3-1: Base on Balls
Batting: LHB Lucas Coleman 0-0: Ball
1-0: Called Strike
1-1: Ball
2-1: Ball
3-1: Called Strike
3-2: Foul Ball, location: 2F
3-2: Strikes out swinging
Batting: RHB Leslie Penn 0-0: Ball
1-0: Ball
2-0: Foul Ball, location: 2F
2-1: Foul Ball, location: 2F
2-2: Foul Ball, location: 2F
2-2: Ball
3-2: Base on Balls
Sixto Cortés to second
Batting: RHB John Brown 0-0: Ball
1-0: Ball
2-0: Called Strike
2-1: Fielders Choice at 2nd, 6-4 (Groundball, 6MS)
Bottom of the 2nd over - 0 run(s), 0 hit(s), 0 error(s), 1 left on base; Plumstead 0 - Minnesota 0
TOP OF THE 3RD
Plumstead Eagles batting - Pitching for Minnesota Death Stars : RHP Pat Jackson
Batting: RHB Ethan Moore 0-0: Foul Ball, location: 2F
0-1: Called Strike
0-2: Ball
1-2: Ball
2-2: DOUBLE (Groundball, 5L)
Batting: RHB J.J. Leslie 0-0: Ball
1-0: Ball
2-0: Foul Ball, location: 2F
2-1: Foul Ball, location: 2F
2-2: Ball
3-2: Fly out, F8 (Flyball, 8LXD)
Runner from 2nd tags up, SAFE at 3rd, no throw
Batting: RHB Juan Caceres 0-0: Swinging Strike
0-1: Ball
1-1: Called Strike
1-2: Fly out, F8 (Flyball, 8LXD)
Runner from 3rd tags up, SCORES, no throw
Batting: RHB Donald Sanford 0-0: Foul Ball, location: 2F
0-1: Ball
1-1: Ball
2-1: Ball
3-1: SINGLE (Groundball, 6MD)
Batting: RHB José Moreno 0-0: Called Strike
0-1: Foul Ball, location: 2F
0-2: Ball
1-2: Ball
2-2: Strikes out looking
Top of the 3rd over - 1 run(s), 2 hit(s), 0 error(s), 1 left on base; Plumstead 1 - Minnesota 0
BOTTOM OF THE 3RD
Minnesota Death Stars batting - Pitching for Plumstead Eagles : RHP Coy Torres
Batting: RHB José Pérez 0-0: Called Strike
0-1: Called Strike
0-2: Foul Ball, location: 2F
0-2: Ball
1-2: Ball
2-2: Foul Ball, location: 2F
2-2: Ball
3-2: Base on Balls
Batting: RHB Peter Dixon 0-0: Ball
1-0: Foul Ball, location: 2F
1-1: Ground out 4-3 (Groundball, 4M)
José Pérez to second
Batting: LHB Chris Loudermilk 0-0: Ball
1-0: Ground out 4-3 (Groundball, 4)
José Pérez to third
Batting: RHB Herb Ashley 0-0: Ball
1-0: Ball
2-0: Foul Ball, location: 2F
2-1: Foul Ball, location: 2F
2-2: Foul Ball, location: 2F
2-2: Ball
3-2: Foul Ball, location: 2F
3-2: Foul Ball, location: 2F
3-2: DOUBLE (Line Drive, 8LM)
José Pérez scores
Batting: RHB Jorge Martínez 0-0: Ball
1-0: Ball
2-0: SINGLE (Line Drive, 4M)
Herb Ashley to third
Batting: LHB Sixto Cortés 0-0: Ball
1-0: Ball
2-0: Called Strike
2-1: Swinging Strike
2-2: Ball
3-2: Base on Balls
Jorge Martínez to second
Batting: LHB Lucas Coleman 0-0: Ball
1-0: Swinging Strike
1-1: Ball
2-1: SINGLE (Line Drive, 8RS)
Herb Ashley scores
Jorge Martínez to third
Sixto Cortés to second
Runner from 3rd tries for Home, SAFE, throw made at trailing runner, OUT at third!
Bottom of the 3rd over - 3 run(s), 3 hit(s), 0 error(s), 1 left on base; Plumstead 1 - Minnesota 3
TOP OF THE 4TH
Plumstead Eagles batting - Pitching for Minnesota Death Stars : RHP Pat Jackson
Batting: RHB Richard Case 0-0: Swinging Strike
0-1: Swinging Strike
0-2: Ball
1-2: Strikes out swinging
Batting: RHB Louis Smith 0-0: Ball
1-0: Ground out 1-3 (Groundball, 15)
Batting: RHB Víctor Rivera 0-0: SINGLE (Line Drive, 56)
Batting: RHB Don Turner 0-0: Foul Ball, location: 2F
0-1: Ball
1-1: Foul Ball, location: 2F
1-2: Foul Ball, location: 2F
1-2: SINGLE (Line Drive, 34D)
Víctor Rivera to second
Batting: RHB Ethan Moore 0-0: Foul Ball, location: 2F
0-1: Ball
1-1: Foul Ball, location: 2F
1-2: Ball
2-2: Foul Ball, location: 2F
2-2: Fly out, F8 (Flyball, 8RM)
Top of the 4th over - 0 run(s), 2 hit(s), 0 error(s), 2 left on base; Plumstead 1 - Minnesota 3
BOTTOM OF THE 4TH
Minnesota Death Stars batting - Pitching for Plumstead Eagles : RHP Coy Torres
Batting: RHB Leslie Penn 0-0: Foul Ball, location: 2F
0-1: Foul Ball, location: 2F
0-2: Ground out 6-3 (Groundball, 6M)
Batting: RHB John Brown 0-0: Fly out, F8 (Flyball, 8LM)
Batting: RHB José Pérez 0-0: Called Strike
0-1: Ball
1-1: Ground out U3 (Groundball, 3S)
Bottom of the 4th over - 0 run(s), 0 hit(s), 0 error(s), 0 left on base; Plumstead 1 - Minnesota 3
TOP OF THE 5TH
Plumstead Eagles batting - Pitching for Minnesota Death Stars : RHP Pat Jackson
Batting: RHB J.J. Leslie 0-0: Fly out, F3 (Popup, 3F)
Batting: RHB Juan Caceres 0-0: Ground out 6-3 (Groundball, 6)
Batting: RHB Donald Sanford 0-0: Called Strike
0-1: Called Strike
0-2: Ball
1-2: Foul Ball, location: 2F
1-2: Foul Ball, location: 2F
1-2: Ball
2-2: Ball
3-2: Fly out, F7 (Line Drive, 7M)
Top of the 5th over - 0 run(s), 0 hit(s), 0 error(s), 0 left on base; Plumstead 1 - Minnesota 3
BOTTOM OF THE 5TH
Minnesota Death Stars batting - Pitching for Plumstead Eagles : RHP Coy Torres
Batting: RHB Peter Dixon 0-0: Ball
1-0: Ball
2-0: Swinging Strike
2-1: Foul Ball, location: 2F
2-2: Foul Ball, location: 2F
2-2: Foul Ball, location: 2F
2-2: Strikes out swinging
Pitching: LHP Stu McGuire
Batting: LHB Chris Loudermilk 0-0: Ball
1-0: Ground out 4-3 (Groundball, 34)
Batting: RHB Herb Ashley 0-0: Called Strike
0-1: Called Strike
0-2: Strikes out looking
Bottom of the 5th over - 0 run(s), 0 hit(s), 0 error(s), 0 left on base; Plumstead 1 - Minnesota 3
TOP OF THE 6TH
Plumstead Eagles batting - Pitching for Minnesota Death Stars : RHP Pat Jackson
Batting: RHB José Moreno 0-0: Foul Ball, location: 2F
0-1: Ball
1-1: Called Strike
1-2: Foul Ball, location: 2F
1-2: Fly out, F7 (Flyball, 78M)
Pitching: LHP Ignacio Méndez
Batting: RHB Richard Case 0-0: Ball
1-0: Swinging Strike
1-1: Swinging Strike
1-2: Strikes out swinging
Batting: RHB Louis Smith 0-0: Ball
1-0: SINGLE (Line Drive, 7LS)
Batting: RHB Víctor Rivera 0-0: Ground out 5-3 (Groundball, 5S)
Top of the 6th over - 0 run(s), 1 hit(s), 0 error(s), 1 left on base; Plumstead 1 - Minnesota 3
BOTTOM OF THE 6TH
Minnesota Death Stars batting - Pitching for Plumstead Eagles : LHP Stu McGuire
Batting: RHB Jorge Martínez 0-0: Ball
1-0: SINGLE (Line Drive, 4D)
Batting: LHB Sixto Cortés 0-0: Ball
1-0: SINGLE (Line Drive, 89S)
Jorge Martínez to second
Batting: LHB Lucas Coleman 0-0: Ball
1-0: Swinging Strike
1-1: Foul Ball, location: 2F
1-2: Ball
2-2: Foul Ball, location: 2F
2-2: Foul Ball, location: 2F
2-2: Foul Ball, location: 2F
2-2: Ball
3-2: Strikes out swinging
Batting: RHB Leslie Penn 0-0: Foul Ball, location: 2F
0-1: Called Strike
Jorge Martínez steals 3rd base
Sixto Cortés to second
0-2: Ball
1-2: Ball
2-2: Ball
Wild Pitch!
Jorge Martínez scores
Sixto Cortés to third
3-2: SINGLE (Line Drive, 5D)
Sixto Cortés scores
Pitching: RHP Iván Márquez
Batting: RHB John Brown 0-0: Ball
1-0: Called Strike
1-1: Swinging Strike
1-2: Ball
2-2: Strikes out swinging
Batting: RHB José Pérez 0-0: Ball
1-0: Foul Ball, location: 2F
1-1: Ball
2-1: Ground out 6-3 (Groundball, 6)
Bottom of the 6th over - 2 run(s), 3 hit(s), 0 error(s), 1 left on base; Plumstead 1 - Minnesota 5
TOP OF THE 7TH
Plumstead Eagles batting - Pitching for Minnesota Death Stars : LHP Ignacio Méndez
Batting: RHB Don Turner 0-0: Ball
1-0: Ball
2-0: Ground out 4-3 (Groundball, 4)
Batting: RHB Ethan Moore 0-0: Ball
1-0: DOUBLE (Line Drive, 9LM) - OUT at third base trying to stretch hit.
Batting: RHB J.J. Leslie 0-0: DOUBLE (Flyball, 78XD)
Batting: RHB Juan Caceres 0-0: Swinging Strike
0-1: SINGLE (Groundball, 56) (infield hit)
J.J. Leslie to third
Batting: RHB Donald Sanford 0-0: Called Strike
0-1: Ball
1-1: Ball
2-1: Ball
3-1: Called Strike
3-2: Fly out, F9 (Flyball, 9S)
Top of the 7th over - 0 run(s), 3 hit(s), 0 error(s), 2 left on base; Plumstead 1 - Minnesota 5
BOTTOM OF THE 7TH
Minnesota Death Stars batting - Pitching for Plumstead Eagles : RHP Iván Márquez
Batting: RHB Peter Dixon 0-0: Foul Ball, location: 2F
0-1: Ball
1-1: Ground out 6-3 (Groundball, 6)
Batting: LHB Chris Loudermilk 0-0: Swinging Strike
0-1: Ball
1-1: Ball
2-1: Foul Ball, location: 2F
2-2: Foul Ball, location: 2F
2-2: Ball
3-2: Base on Balls
Batting: RHB Herb Ashley 0-0: Ball
1-0: Swinging Strike
1-1: Foul Ball, location: 2F
1-2: Strikes out looking
Batting: RHB Jorge Martínez 0-0: Ball
1-0: Ball
2-0: Ball
3-0: Called Strike
3-1: Base on Balls
Chris Loudermilk to second
Batting: LHB Sixto Cortés 0-0: Called Strike
0-1: Called Strike
0-2: Ball
1-2: Strikes out swinging
Bottom of the 7th over - 0 run(s), 0 hit(s), 0 error(s), 2 left on base; Plumstead 1 - Minnesota 5
TOP OF THE 8TH
Plumstead Eagles batting - Pitching for Minnesota Death Stars : LHP Ignacio Méndez
Batting: RHB José Moreno 0-0: Fly out, F7 (Flyball, 7D)
Pitching: RHP Joe Hopkins
Batting: RHB Richard Case 0-0: Called Strike
0-1: Ball
1-1: Ball
2-1: Swinging Strike
2-2: Ball
3-2: Strikes out swinging
Batting: RHB Louis Smith 0-0: Called Strike
0-1: Ball
1-1: Ball
2-1: Foul Ball, location: 2F
2-2: Ball
3-2: Ground out 6-3 (Groundball, 6)
Top of the 8th over - 0 run(s), 0 hit(s), 0 error(s), 0 left on base; Plumstead 1 - Minnesota 5
BOTTOM OF THE 8TH
Minnesota Death Stars batting - Pitching for Plumstead Eagles : RHP Iván Márquez
Batting: LHB Lucas Coleman 0-0: Called Strike
0-1: Swinging Strike
0-2: Strikes out looking
Pitching: RHP Lane Lund
Batting: RHB Leslie Penn 0-0: Called Strike
0-1: Fly out, F7 (Flyball, 7LM)
Batting: RHB John Brown 0-0: Ball
1-0: Foul Ball, location: 2F
1-1: Called Strike
1-2: Fly out, F9 (Flyball, 89M)
Bottom of the 8th over - 0 run(s), 0 hit(s), 0 error(s), 0 left on base; Plumstead 1 - Minnesota 5
TOP OF THE 9TH
Plumstead Eagles batting - Pitching for Minnesota Death Stars : RHP Joe Hopkins
Batting: RHB Víctor Rivera 0-0: Called Strike
0-1: Ball
1-1: Foul Ball, location: 2F
1-2: Foul Ball, location: 2F
1-2: Foul Ball, location: 2F
1-2: Strikes out swinging
Batting: RHB Don Turner 0-0: Foul Ball, location: 2F
0-1: Ball
1-1: Reaches on Catchers interference
Batting: RHB Ethan Moore 0-0: Grounds out, U3 (Groundball, 3L)
Batting: RHB J.J. Leslie 0-0: Ball
1-0: Foul Ball, location: 2F
1-1: Fly out, F1 (Line Drive, 15S)
Top of the 9th over - 0 run(s), 0 hit(s), 1 error(s), 1 left on base; Plumstead 1 - Minnesota 5
This league is powered by Out of the Park Baseball, the baseball management simulation game for PC, Mac and Linux
Saturday, April 9th, 2016 - OOTP Baseball 16.8 Build 38